 Dungeon Crawl Stone Soup version 0.27-a0-1186-g8b4daa1eef (webtiles) character file.

Game seed: 6236032731828045926

14 tilp the Caller (level 2, 0/23 HPs)
             Began as a Barachi Summoner on May 19, 2021.
             Succumbed to a goblin's poison
             ... on level 1 of the Dungeon.
             The game lasted 00:01:20 (772 turns).

tilp the Caller (Barachi Summoner)                   Turns: 772, Time: 00:01:21

Health: 0/23       AC:  2    Str:  9    XL:     2   Next: 41%
Magic:  4/5        EV: 12    Int: 15    God:
Gold:   29         SH:  0    Dex: 12    Spells: 2/5 levels left

rFire    . . .     SeeInvis .   a - +0 hand axe
rCold    . . .     Faith    .   (no shield)
rNeg     . . .     Spirit   .   c - +0 robe
rPois    .         Reflect  .   (no helmet)
rElec    .         Harm     .   (no cloak)
rCorr    .         Rampage  .   (no gloves)
Will     .....                  (no boots)
Stlth    ++........             (no amulet)
HPRegen  0.07/turn              (no ring)
MPRegen  0.09/turn              (no ring)

@: lethally poisoned (0 -> -1), slow
A: amphibious, slowness 1, strong legs 1, +LOS
a: Hop


You were on level 1 of the Dungeon.
You visited 1 branch of the dungeon, and saw 1 of its levels.

You collected 29 gold pieces.

Inventory:

Hand Weapons
 a - a +0 hand axe (weapon)
 b - a +0 dagger
Missiles
 e - 18 poisoned darts (quivered)
Armour
 c - a +0 robe (worn)
 d - a +0 ring mail


   Skills:
 + Level 2.4 Fighting
 - Level 2.1 Dodging
 - Level 1.7 Stealth
 - Level 2.1 Spellcasting
 - Level 4.8 Summonings


You had 2 spell levels left.
You knew the following spells:

 Your Spells              Type           Power      Damage    Failure   Level
a - Summon Small Mammal   Summ           64%        N/A       3%          1
b - Call Imp              Summ           16%        N/A       4%          2

Your spell library contained the following spells:

 Spells                   Type           Power      Damage    Failure   Level
 Call Canine Familiar     Summ           16%        N/A       9%          3
 Summon Guardian Golem    Hex/Summ       8%         N/A       24%         3
 Summon Ice Beast         Ice/Summ       8%         N/A       63%         4
 Summon Lightning Spire   Summ/Air       8%         N/A       63%         4


Dungeon Overview and Level Annotations

Branches:
Dungeon (1/15)

Altars:


Innate Abilities, Weirdness & Mutations

You are amphibious.
You cover ground slowly.
You can hop short distances.
You have an extended range of vision and can be seen from far away.


Message History

A goblin is nearby!
Casting: Call Imp (safe; 4% risk of failure)
Confirm with . or Enter, or press ? or * to list all spells.
A beastly little devil appears in a puff of flame.
The goblin throws a poisoned dart.
The poisoned dart hits you!
You are poisoned.
You feel very sick.
The goblin throws a poisoned dart.
The poisoned dart hits you!
You are more poisoned.
Your crimson imp blinks!
You feel very sick. The goblin barely misses you.
You hit the goblin.
The goblin is severely wounded.
You feel very sick. The goblin hits you with a +0 club.
* * * LOW HITPOINT WARNING * * *
The goblin barely misses you.
Unknown command.
You aren't carrying any potions.
Unknown command.
You hit the goblin.
You kill the goblin!
* * * LOW HITPOINT WARNING * * *
You feel sick.
Unknown command.
* * * LOW HITPOINT WARNING * * *
You feel sick.
Things that are here:
a +0 club; 12 poisoned darts; a goblin corpse
* * * LOW HITPOINT WARNING * * *
You feel sick.
* * * LOW HITPOINT WARNING * * *
You feel sick.
* * * LOW HITPOINT WARNING * * *
You feel sick.
* * * LOW HITPOINT WARNING * * *
You feel sick.
A rat and a jackal come into view.
You die...

###########
#..........
#.......... h...
#.......... ..h..
###########
......#############
#...@.5..)....## #
#.#......#.....# #
#......#.#.....# #
#....##..#.#.....#
# ..(.##
##...#.....# ##
.#..# ##..####.##
#. ...# #..####.###
#. .#r .#.#......#
#. # ##......#.# #.


You could see 2 jackals, a rat (asleep) and a friendly crimson imp (summoned).

Vanquished Creatures
  A ball python (D:1)
  A goblin (D:1)
  2 hobgoblins (D:1)
  A quokka (D:1)
  A bat (D:1)
6 creatures vanquished.

Vanquished Creatures (collateral kills)
  2 endoplasms (D:1)
  A giant cockroach (D:1)
  A hobgoblin (D:1)
  A ball python (D:1)
  A bat (D:1)
  2 frilled lizards (D:1)
  A kobold (D:1)
9 creatures vanquished.

Grand Total: 15 creatures vanquished

Notes
Turn   | Place    | Note
-------+----------+-------------------------------------------
     0 | D:1      | tilp the Barachi Summoner began the quest for the Orb.
     0 | D:1      | Reached XP level 1. HP: 13/13 MP: 3/3
   218 | D:1      | Reached skill level 1 in Fighting
   415 | D:1      | Reached XP level 2. HP: 18/22 MP: 1/5
   534 | D:1      | Learned a level 2 spell: Call Imp
   771 | D:1      | HP: 1/23 [poisoned by a goblin]
   772 | D:1      | Succumbed to a goblin's poison

Illustrated notes

Levels and vault maps discovered:
D:1:      dpeg_arrival_more_subterranean_lakeside_camping, layout_basic,
          minmay_heptomino_w4

Skill      XL: |  1  2 |
---------------+-------+-----
Fighting       | 1 2 |  2.4
Dodging        | |  2.1
Stealth        | |  1.7
Spellcasting   | |  2.1
Summonings     | |  4.8

Action                   || total
-------------------------++-------
Melee: Hand axe          ||    17
Throw: Dart              ||     1
 Cast: Summon Small Mamm ||    14
       Call Imp          ||     3
 Stab: Distracted        ||     1
Armor: Robe              ||     1
Dodge: Dodged            ||     9

Table legend: (Time is in decaauts)
 A = Elapsed time spent in this place.
 B = Non-inter-level travel time spent in this place.
 C = Inter-level travel time spent in this place.
 D = Time resting spent in this place.
 E = Time spent auto-exploring this place.
 F = Levels seen in this place.
 G = Mean time per level.
                   A        B        C        D        E       F      G
               +--------+--------+--------+--------+--------+-----+--------+
         Total |    848 |    848 |      0 |     76 |    625 |   1 |  848.0 |
       Dungeon |    848 |    848 |      0 |     76 |    625 |   1 |  848.0 |
               +--------+--------+--------+--------+--------+-----+--------+

Top non-repeatable levels by time:
     D:1: 848 daAuts
